 Dungeon Crawl Stone Soup version 0.19-a0-36-g4a0968a (webtiles) character file.

49 Zhenya25pyc the Covered (level 3, 0/23 HPs)
             Began as a Gargoyle Fighter on May 4, 2016.
             Slain by a killer bee (5 damage)
             ... on level 3 of the Dungeon.
             The game lasted 00:02:11 (1516 turns).

Zhenya25pyc the Covered (Gargoyle Fighter)          Turns: 1516, Time: 00:02:11

Health: 0/23       AC: 10    Str: 20    XL:     3   Next: 75%
Magic:  3/3        EV:  7    Int:  8    God:
Gold:   63         SH:  9    Dex:  9    Spells: 0 memorised, 2 levels left

rFire  . . .     SeeInvis .     a - +0 flail
rCold  . . .     Gourm    .     b - +0 scale mail
rNeg   + . .     Faith    .     c - +0 shield
rPois  ∞         Spirit   .     (no helmet)
rElec  +         Dismiss  .     (no cloak)
rCorr  .         Reflect  .     (no gloves)
SustAt .         Harm     .     (no boots)
MR     .....                    (no amulet)
Stlth  ..........               (no ring)
                                (no ring)

@: not resistant to hostile enchantments, extremely unstealthy
A: negative energy resistance 1, electricity resistance, unbreathing,
petrification resistance, rot immunity, AC +3
a: no special abilities


You were on level 3 of the Dungeon.
You were very hungry.

You visited 1 branch of the dungeon, and saw 3 of its levels.

You collected 63 gold pieces.

Inventory:

Hand Weapons
 a - a +0 flail (weapon)
Armour
 b - a +0 scale mail (worn)
 c - a +0 shield (worn)
Scrolls
 j - 2 scrolls of teleportation {unknown}
 l - 3 scrolls of identify {unknown}
 m - 3 scrolls of magic mapping {unknown}
 n - a scroll of blinking {unknown}
 p - 3 scrolls of remove curse {unknown}
 r - a scroll of amnesia {unknown}
 s - a scroll of fear {unknown}
Potions
 d - a potion of might
 e - a potion of brilliance {unknown}
 h - a potion of berserk rage {unknown}
 i - a potion of lignification {unknown}
 q - a potion of cure mutation {unknown}
 t - 2 potions of invisibility
 u - a potion of heal wounds {unknown}
 w - a potion of ambrosia {unknown}
Comestibles
 f - 3 bread rations
 g - 2 beef jerkies
 k - a fruit
 o - a meat ration
 v - 2 slices of pizza


   Skills:
 + Level 3.5 Fighting
 * Level 2.9 Maces & Flails
 + Level 4.1 Armour
 + Level 3.4 Shields


You had 2 spell levels left.
You didn't know any spells.

Dungeon Overview and Level Annotations

Branches:
Dungeon (3/15)

Altars:


Innate Abilities, Weirdness & Mutations

You are resistant to torment.
Your stone body is resilient (AC +3).
You are immune to poison.
You resist negative energy.
You are resistant to electric shocks.
You can survive without breathing.
You are immune to petrification.
You are immune to rotting.


Message History

The killer bee is moderately wounded.
You block the killer bee's attack. The killer bee stings you.
An adder comes into view.
You closely miss the killer bee.
The killer bee is moderately wounded.
The killer bee closely misses you. The killer bee stings you.
The killer bee barely misses you.
The killer bee stings you but does no damage.
The killer bee stings you.
The killer bee stings you but does no damage.
The killer bee stings you.
* * * LOW HITPOINT WARNING * * *
You are too injured to fight recklessly!
You are too injured to fight recklessly!
You are too injured to fight recklessly!
You are too injured to fight recklessly!
You are too injured to fight recklessly!
The killer bee stings you.
You die...

.#.#......## ##.
.........## #..
.#.#....## #.#
<....#+## # #.# #
.#.###.# #.##.###.#
....##.#######
#...y...y#
.#.#.........#
####.###.yS...
.............######y#
###.#
.#.#.........#..@yyy#
##.#.........#.######
##...........#.#
###.........#.#
#...........#
#.........###
#.........#
###########


You could see 4 killer bees.

Vanquished Creatures
  3 dart slugs (D:1)
  3 giant geckos
  3 bats
  A giant cockroach (D:1)
  6 hobgoblins
  2 quokkas
  2 ball pythons (D:2)
  4 giant newts (D:1)
  5 goblins
  6 kobolds
  4 rats
39 creatures vanquished.

Notes
Turn   | Place    | Note
--------------------------------------------------------------
     0 | D:1      | Zhenya25pyc the Gargoyle Fighter began the quest for the Orb.
     0 | D:1      | Reached XP level 1. HP: 14/14 MP: 1/1
   169 | D:1      | Reached XP level 2. HP: 19/19 MP: 2/2
   622 | D:1      | Reached XP level 3. HP: 23/23 MP: 3/3
   862 | D:2      | Reached skill level 4 in Armour
  1504 | D:3      | Noticed a killer bee
  1504 | D:3      | Noticed a killer bee
  1504 | D:3      | Noticed a killer bee
  1505 | D:3      | Noticed a killer bee
  1506 | D:3      | Noticed a killer bee
  1507 | D:3      | Noticed a killer bee
  1516 | D:3      | Slain by a killer bee

Vault maps used:
D:1:      tarquinn_simple_flora_water_e
D:2:      first_bread, kennysheep_generic_room_14
D:3:      st_stairs_9, minmay_crystal_room, serial_bayou_lagoon_a, uniq_grinder,
          uniq_robin

Skill      XL: |  1  2  3 |
---------------+----------+-----
Armour         | 4 |  4.1
Fighting       | |  3.5
Maces & Flails | |  2.9
Shields        | |  3.4

Action                   || total
-------------------------++-------
Melee: Flail             ||   119
  Eat: Chunk             ||     1
Armor: Scale mail        ||    58
Dodge: Dodged            ||    31
Block: Shield            ||    54
